 Dungeon Crawl Stone Soup version 0.31.0-1-g2c135a0 (webtiles) character file.

Game seed: 10242442021637422266

68 jagoly the Apothecary (level 4, -1/40 HPs)
             Began as an Octopode Alchemist on Jan 24, 2024.
             Slain by an ufetubus (3 damage)
             ... on level 5 of the Dungeon.
             The game lasted 00:05:49 (689 turns).

jagoly the Apothecary (Octopode Alchemist)           Turns: 689, Time: 00:05:49

Health: -1/40      AC: 22    Str:  7    XL:     4   Next: 19%
Magic:  7/7        EV:  2    Int: 19    God:
Gold:   59         SH:  0    Dex: 12    Spells: 6/7 levels left

rFire   . . .        (no weapon)
rCold   . . .        (no shield)
rNeg    . . .        (helmet currently unavailable)
rPois   +            (no amulet)
rElec   .            (no ring)
rCorr   .            (no ring)
SInv    .            (no ring)
Will    .....        (no ring)
Stlth   ++           (no ring)
HPRegen 0.26/turn    (no ring)
MPRegen 0.10/turn    (no ring)
                     (no ring)

%: no passive effects
@: tree-form
A: stationary, stasis, torment immunity, boosted hp, almost no armour,
(amphibious), 8 rings, (camouflage 1), (gelatinous body 1), (nimble swimmer 1),
(tentacles)
a: no special abilities


You were on level 5 of the Dungeon.
You were a tree.
You visited 1 branch of the dungeon, and saw 5 of its levels.

You collected 59 gold pieces.

Inventory:

Hand Weapons
 j - a +0 dagger
 k - a +0 sling
Missiles
 b - 19 stones
 d - 6 poisoned darts
 l - 5 atropa-tipped darts
Scrolls
 c - a scroll of vulnerability {unknown}
 i - 2 scrolls of identify {unknown}
Potions
 a - a potion of magic
 f - a potion of heal wounds {unknown}
 g - a potion of attraction {unknown}
 h - a potion of mutation {unknown}
 m - a potion of resistance {unknown}
 n - a potion of degeneration {unknown}
 o - a potion of curing {unknown}


   Skills:
 - Level 2.0 Dodging
 - Level 3.0 Stealth
 - Level 2.0 Spellcasting
 - Level 2.0 Conjurations
 + Level 4.9 Alchemy


You had 6 spell levels left.
You knew the following spells:

 Your Spells              Type           Power      Damage    Failure   Level
a - Sting                 Conj/Alch      60%        1d6       4%          1

Your spell library contained the following spells:

 Spells                   Type           Power      Damage    Failure   Level
 Mercury Vapours          Alch/Air       22%        N/A       10%         2
 Mephitic Cloud           Conj/Alch/Air  10%        N/A       21%         3
 Olgreb's Toxic Radiance  Alch           20%        N/A       22%         4
 Lesser Beckoning         Tloc           2%         N/A       26%         2
 Gell's Gravitas          Tloc           1%         N/A       45%         3
 Teleport Other           Tloc           1%         N/A       45%         3
 Sticky Flame             Fire/Alch      11%        2d5       52%         4


Dungeon Overview and Level Annotations

Branches:
Dungeon (5/15) Zot: 26984
 Temple: D:4-7

Altars:

Annotations:
D:4 Dowan, Duvessa


Innate Abilities, Weirdness & Mutations

You are a tree.
Your roots penetrate the ground, keeping you stationary.
You cannot be teleported.
You are immune to unholy pain and torment.
Your maximum health is greatly increased.
You cannot wear most types of armour.
((You are amphibious.))
You can wear up to eight rings at the same time.
((Your skin changes colour to match your surroundings (Stealth+).))
((Your rubbery body absorbs attacks. (AC +1, EV +1)))
((You are camouflaged when in or above water. (Stealth+)))
((You have tentacles for arms and can constrict up to eight enemies at once.))


Message History

You constrict the giant cockroach, but do no damage.
The giant cockroach bites you.
You tentacle-slap the giant cockroach but do no damage.
You constrict the giant cockroach. The giant cockroach barely misses you.
You tentacle-slap the giant cockroach.
Your squeeze misses the giant cockroach.
The giant cockroach is moderately wounded.
You constrict the giant cockroach. The giant cockroach closely misses you.
You tentacle-slap the giant cockroach but do no damage.
You squeeze the giant cockroach.
You kill the giant cockroach!
No target in view!
A rat comes into view.
The rat squeaks loudly.
You hear a shout!
The rat barely misses you.
An endoplasm comes into view.
You closely miss the rat. You grab the rat. You constrict the rat.
The rat barely misses you.
You tentacle-slap the rat.
The rat is severely wounded.
You constrict the rat.
You kill the rat!
You tentacle-slap the endoplasm.
The endoplasm is lightly wounded.
The endoplasm hits you.
You tentacle-slap the endoplasm but do no damage.
The endoplasm is lightly wounded.
The endoplasm hits you but does no damage.
Cast which spell? (? or * to list)
Aiming: Sting (safe; 7% risk of failure)
Press: ? - help, Shift-Dir - straight line, f - endoplasm
Aim: an endoplasm (lightly wounded, 98% to hit)
The sting hits the endoplasm.
The endoplasm partially resists.
The endoplasm is poisoned.
The endoplasm is moderately wounded.
The endoplasm hits you.
You barely miss the endoplasm. You squeeze the endoplasm.
You kill the endoplasm!
No target in view!
You see here a rat corpse.
A hobgoblin comes into view.
Found a fuming silvery potion.
Cast which spell? (? or * to list)
Aiming: Sting (safe; 7% risk of failure)
Press: ? - help, Shift-Dir - straight line, f - hobgoblin
Aim: a hobgoblin (wandering, hasn't noticed you, 71% to hit)
The sting misses the hobgoblin.
The hobgoblin shouts!
You hear a shout!
Cast which spell? (? or * to list)
Aiming: Sting (safe; 7% risk of failure)
Press: ? - help, Shift-Dir - straight line, f/p - hobgoblin
Aim: a hobgoblin (71% to hit)
The sting misses the hobgoblin.
Cast which spell? (? or * to list)
You don't know that spell.
Cast which spell? (? or * to list)
Aiming: Sting (safe; 7% risk of failure)
Press: ? - help, Shift-Dir - straight line, f/p - hobgoblin
Aim: a hobgoblin (71% to hit)
The sting hits the hobgoblin.
The hobgoblin is poisoned.
The hobgoblin is moderately wounded.
You tentacle-slap the hobgoblin but do no damage.
You grab the hobgoblin.
The hobgoblin is severely wounded.
You constrict the hobgoblin, but do no damage.
The hobgoblin hits you.
You tentacle-slap the hobgoblin.
The hobgoblin is almost dead.
You constrict the hobgoblin.
You kill the hobgoblin!
No target in view!
A kobold comes into view. It is wielding a +0 dagger.
Cast which spell? (? or * to list)
Aiming: Sting (safe; 7% risk of failure)
Press: ? - help, Shift-Dir - straight line, f - kobold
Aim: a kobold, wielding a +0 dagger and quivering stones (64% to hit)
The sting hits the kobold.
The kobold is poisoned.
The kobold is severely wounded.
You kill the kobold!
Unknown command.
g - a fuming silvery potion HP restored.
Found a whip.
Found a stone staircase leading down.
Found a stone staircase leading down.
There is a stone staircase leading down here.
You climb downwards.
There is a stone staircase leading up here.
You climb upwards.
There is a stone staircase leading down here.
There is a stone staircase leading down here.
You climb downwards.
Found a bubbling brown potion.
There is a stone staircase leading up here.
h - a bubbling brown potion
Found 6 gold pieces.
Found a stone staircase leading down.
Found a scroll labelled GOAFFY ATWADGH.
You enter the shallow water.
Found a scroll labelled GOAFFY ATWADGH and 23 gold pieces.
A dart slug comes into view.
Found a book of Displacement.
i - a scroll labelled GOAFFY ATWADGH You now have 18 gold pieces (gained 6).
You now have 27 gold pieces (gained 9).
You see here 14 gold pieces.
You now have 41 gold pieces (gained 14).
The dart slug launches a dart at you. The slug dart misses you.
Cast which spell? (? or * to list)
You can't see any susceptible monsters within range! (Use Z to cast anyway.) Cast which spell? (? or * to list)
Aiming: Sting (safe; 7% risk of failure)
Press: ? - help, Shift-Dir - straight line, f - dart slug
Aim: a dart slug (100% to hit)
The sting hits the dart slug.
The dart slug is poisoned.
The dart slug is lightly wounded.
Cast which spell? (? or * to list)
Aiming: Sting (safe; 7% risk of failure)
Press: ? - help, Shift-Dir - straight line, f/p - dart slug
Aim: a dart slug (heavily wounded, poisoned, 100% to hit)
The sting hits the dart slug.
The dart slug looks even sicker.
The dart slug is severely wounded.
You kill the dart slug!
You pick up a book of Displacement and begin reading...
You add the spells Lesser Beckoning, Gell's Gravitas and Teleport Other to your library.
Magic restored.
A hobgoblin comes into view.
The hobgoblin shouts!
Cast which spell? (? or * to list)
You don't know that spell.
Cast which spell? (? or * to list)
Aiming: Sting (safe; 6% risk of failure)
Press: ? - help, Shift-Dir - straight line, f - hobgoblin
Aim: a hobgoblin (71% to hit)
The sting hits the hobgoblin.
The hobgoblin is poisoned.
The hobgoblin is heavily wounded.
The hobgoblin barely misses you.
You tentacle-slap the hobgoblin but do no damage.
Your grab misses the hobgoblin.
The hobgoblin is almost dead.
You kill the hobgoblin!
Found a stone staircase leading up.
There is a stone staircase leading up here.
You climb upwards.
There is a stone staircase leading down here.
b - 11 stones (gained 3)
You see here a +0 dagger.
j - a +0 dagger (weapon)
Unknown command.
There is a stone staircase leading down here.
You climb downwards.
There is a stone staircase leading up here.
You enter the shallow water.
Found 5 stones.
b - 16 stones (gained 5)
You enter the shallow water.
You hit the plant but do no damage. You grab the plant.
The plant begins to die.
You squeeze the plant!
The plant is lightly damaged.
You constrict the plant.
You release your grip on the plant.
A goblin comes into view. It is wielding a +0 dagger.
A nearby plant withers and dies.
The helpless goblin fails to defend itself.
You puncture the goblin!
You kill the goblin!
Things that are here:
a +0 dagger; a +0 sling; a goblin corpse
k - a +0 sling You enter the shallow water.
Found 8 gold pieces.
A bat comes into view.
You now have 49 gold pieces (gained 8).
Found a hand axe.
Cast which spell? (? or * to list)
Aiming: Sting (safe; 6% risk of failure)
Press: ? - help, Shift-Dir - straight line, f - bat
Aim: a bat (asleep, 100% to hit)
The sting hits the bat.
The bat is poisoned.
The bat is severely wounded.
You kill the bat!
As you open the door, it creaks loudly!
Found 5 atropa-tipped darts.
There is an open door here.
Found a stone staircase leading down.
Found a robe.
You see here 5 atropa-tipped darts.
l - 5 atropa-tipped darts
There is a stone staircase leading down here.
You climb downwards.
There is a stone staircase leading up here.
The giant cockroach bites you but does no damage.
You hit the giant cockroach. You grab the giant cockroach.
You squeeze the giant cockroach, but do no damage.
The giant cockroach is almost dead.
You constrict the giant cockroach.
You kill the giant cockroach!
No target in view!
Found a fuming red potion.
You see here a giant cockroach corpse.
m - a fuming red potion
Found a robe.
A kobold comes into view. It is wielding a +0 dagger.
The helpless kobold fails to defend itself.
You puncture the kobold!
You kill the kobold!
b - 19 stones (gained 3)
You see here a +0 dagger.
Found a club.
Found 10 gold pieces.
A goblin comes into view. It is wielding a +0 dagger.
Cast which spell? (? or * to list)
Aiming: Sting (safe; 6% risk of failure)
Press: ? - help, Shift-Dir - straight line, f - goblin
Aim: a goblin, wielding a +0 dagger (64% to hit)
The sting hits the goblin.
The goblin is poisoned.
You kill the goblin!
Training target 2.0 for Conjurations reached!
Your Conjurations skill increases to level 2!
You have reached level 3!
Your experience leads to an increase in your attributes!
Increase (S)trength, (I)ntelligence, or (D)exterity?
You feel clever. x2
You now have 59 gold pieces (gained 10).
A bat and an adder come into view.
Found a scroll labelled GOAFFY ATWADGH.
Things that are here:
a +0 dagger; a goblin corpse Cast which spell? (? or * to list)
Aiming: Sting (safe; 4% risk of failure)
Press: ? - help, Shift-Dir - straight line, f - bat
Aim: a bat (57% to hit)
The sting misses the bat.
The bat barely misses you.
Cast which spell? (? or * to list)
Aiming: Sting (safe; 4% risk of failure)
Press: ? - help, Shift-Dir - straight line, f/p - bat
Aim: a bat (57% to hit)
The sting hits the bat.
The bat is poisoned.
You kill the bat!
Cast which spell? (? or * to list)
You can't see any susceptible monsters within range! (Use Z to cast anyway.) Cast which spell? (? or * to list)
Aiming: Sting (safe; 4% risk of failure)
Press: ? - help, Shift-Dir - straight line, f - adder
Aim: an adder (asleep, 100% to hit)
The sting hits the adder.
The adder is poisoned.
The adder is moderately wounded.
The adder hisses angrily.
Cast which spell? (? or * to list)
Aiming: Sting (safe; 4% risk of failure)
Press: ? - help, Shift-Dir - straight line, f/p - adder
Aim: an adder (moderately wounded, poisoned, 53% to hit)
The sting hits the adder.
The adder looks even sicker.
The adder is severely wounded.
You hit the adder but do no damage. You grab the adder.
The adder is severely wounded.
You constrict the adder. The adder misses you.
You barely miss the adder.
You squeeze the adder, but do no damage.
The adder is almost dead.
You constrict the adder.
You kill the adder!
Your Alchemy skill increases to level 4!
Unknown command.
Found a glowing ruby potion.
A bat comes into view.
Found a ring mail.
Okay, then.
You see here a glowing ruby potion.
n - a glowing ruby potion A giant cockroach comes into view.
The giant cockroach moves out of view.
Cast which spell? (? or * to list)
Aiming: Sting (safe; 4% risk of failure)
Press: ? - help, Shift-Dir - straight line, f - bat
Aim: a bat (57% to hit)
The sting hits the bat.
The bat is poisoned.
The bat is moderately wounded.
The bat barely misses you. The bat misses you.
You kill the bat!
No target in view!
Found a whip and a scroll labelled GOAFFY ATWADGH.
Found a stone staircase leading down.
You see here a +0 whip.
i - 2 scrolls labelled GOAFFY ATWADGH (gained 1)
Found an escape hatch in the floor.
There is a stone staircase leading down here.
You climb downwards.
Found a bloodstained ring mail and a ring mail.
There is a stone staircase leading up here.
Found a robe and 9 gold pieces.
A ball python comes into view.
Cast which spell? (? or * to list)
Aiming: Sting (safe; 4% risk of failure)
Press: ? - help, Shift-Dir - straight line, f - ball python
Aim: a ball python (asleep, 100% to hit)
The sting hits the ball python.
The ball python is poisoned.
The ball python is severely wounded.
The ball python hisses angrily.
You kill the ball python!
A quokka comes into view.
An orc comes into view. It is wielding a +0 short sword.
An orc comes into view. It is wielding a +0 hand axe.
The orc shouts! x2
Cast which spell? (? or * to list)
Aiming: Sting (safe; 4% risk of failure)
Press: ? - help, Shift-Dir - straight line, f - orc
Aim: an orc, wielding a +0 hand axe (71% to hit)
You miscast Sting.
You are very lightly contaminated with residual magic.
Nothing appears to happen.
An orc comes into view. It is wielding a +0 falchion.
Cast which spell? (? or * to list)
Aiming: Sting (safe; 4% risk of failure)
Press: ? - help, Shift-Dir - straight line, f/p - orc
Aim: an orc, wielding a +0 hand axe (71% to hit)
The sting misses the orc.
The orc shouts!
You hear a shout!
You see here a +0 robe.
Found a sapphire potion.
Your magical contamination has completely faded away.
Found a fuming silvery potion.
Found a stone staircase leading down.
Found a leather armour.
A goblin comes into view. It is wielding a +0 dagger.
Found a stone staircase leading up.
The goblin shouts!
The goblin completely misses you.
You see here a sapphire potion.
o - a sapphire potion The goblin closely misses you.
The goblin barely misses you. The goblin closely misses you.
The goblin attacks as it pursues you! The goblin hits you with a +0 dagger.
Found 7 gold pieces.
There is a stone staircase leading up here.
Cast which spell? (? or * to list)
Aiming: Sting (safe; 4% risk of failure)
Press: ? - help, Shift-Dir - straight line, f/p - orc
Aim: an orc, wielding a +0 hand axe (71% to hit)
The sting hits the orc.
The orc is poisoned.
The orc is moderately wounded.
The goblin hits you with a +0 dagger.
You climb upwards.
There is a stone staircase leading down here.
Cast which spell? (? or * to list)
Aiming: Sting (safe; 4% risk of failure)
Press: ? - help, Shift-Dir - straight line, f - goblin
Aim: a goblin, wielding a +0 dagger (64% to hit)
The sting hits the goblin.
The goblin is poisoned.
The goblin is heavily wounded.
The goblin hits you with a +0 dagger. The orc hits you with a +0 hand axe.
Hit: j) +0 dagger
Press: ? - help, Dir - move target, f - orc, p - goblin
Aim: an orc, wielding a +0 hand axe (moderately wounded, poisoned, about 38% to evade your +0 dagger)
You barely miss the orc. Your grab misses the orc.
The orc is moderately wounded.
The goblin hits you with a +0 dagger. The orc completely misses you.
Hit: j) +0 dagger
Press: ? - help, Dir - move target, f/p - orc
Aim: an orc, wielding a +0 hand axe (heavily wounded, poisoned, about 38% to evade your +0 dagger)
You hit the orc. Your grab misses the orc.
The orc is severely wounded.
The goblin hits you with a +0 dagger.
* * * LOW HITPOINT WARNING * * *
The orc hits you with a +0 hand axe.
* * * LOW HITPOINT WARNING * * *
Hit: j) +0 dagger
Press: ? - help, Dir - move target, f/p - orc
Aim: an orc, wielding a +0 hand axe (almost dead, poisoned, about 38% to evade your +0 dagger)
You hit the orc.
You kill the orc!
The goblin looks more healthy.
The goblin hits you with a +0 dagger.
* * * LOW HITPOINT WARNING * * *
Hit: j) +0 dagger
Press: ? - help, Dir - move target, f - goblin
Aim: a goblin, wielding a +0 dagger (severely wounded, about 45% to evade your +0 dagger)
You hit the goblin.
You kill the goblin!
Things that are here:
a +0 hand axe; an orc corpse
Found a whip.
Found a stone staircase leading up.
There is a stone staircase leading up here.
You climb upwards.
There is a stone staircase leading down here.
You climb downwards.
There is a stone staircase leading up here.
Magic restored.
An iguana comes into view.
An iguana is nearby!
The helpless iguana fails to defend itself.
You puncture the iguana! Your grab misses the iguana. You squeeze the iguana.
The iguana is almost dead.
The iguana barely misses you.
Cast which spell? (? or * to list)
Aiming: Sting (safe; 4% risk of failure)
Press: ? - help, Shift-Dir - straight line, f - iguana
Aim: an iguana (almost dead, 75% to hit)
The sting hits the iguana but does no damage.
The iguana is poisoned.
The iguana is almost dead.
You kill the iguana!
You have reached level 4!
A ball python comes into view.
The ball python hisses angrily.
The ball python misses you. x2
You completely miss the ball python. You grab the ball python.
You squeeze the ball python.
You kill the ball python!
No target in view!
No target in view!
You see here a ball python corpse.
HP restored.
Magic restored.
HP restored.
A quokka comes into view.
Found a stone staircase leading down.
Cast which spell? (? or * to list)
You can't see any susceptible monsters within range! (Use Z to cast anyway.) Unknown command.
A quokka comes into view.
Cast which spell? (? or * to list)
Aiming: Sting (safe; 4% risk of failure)
Press: ? - help, Shift-Dir - straight line, f - quokka
Aim: a quokka (wandering, hasn't noticed you, 64% to hit)
The sting hits the quokka but does no damage.
The quokka is poisoned.
You hit the quokka. Your grab misses the quokka. You tentacle-slap the quokka.
You kill the quokka!
Cast which spell? (? or * to list)
Aiming: Sting (safe; 4% risk of failure)
Press: ? - help, Shift-Dir - straight line, f - quokka
Aim: a quokka (asleep, 100% to hit)
The sting hits the quokka.
The quokka is poisoned.
The quokka is severely wounded.
Cast which spell? (? or * to list)
Aiming: Sting (safe; 4% risk of failure)
Press: ? - help, Shift-Dir - straight line, f/p - quokka
Aim: a quokka (severely wounded, poisoned, 64% to hit)
The sting hits the quokka but does no damage.
The quokka looks even sicker.
The quokka is severely wounded.
The quokka misses you.
You barely miss the quokka. You grab the quokka.
The quokka is severely wounded.
You constrict the quokka, but do no damage.
The quokka closely misses you.
You barely miss the quokka.
The quokka is severely wounded.
You constrict the quokka, but do no damage.
The quokka bites you. The quokka barely misses you.
You hit the quokka.
You kill the quokka!
No target in view!
There is a stone staircase leading down here.
You see here a quokka corpse.
You climb downwards.
Found a sling and 7 gold pieces.
There is a stone staircase leading up here.
You climb upwards.
There is a stone staircase leading down here.
You see here a quokka corpse.
HP restored.
There is an escape hatch in the floor here.
You slide downwards.
The hatch slams shut behind you.
Level annotation: Dowan, Duvessa The orc shouts! x2; You hear an angry hiss.
You hear a shout!
The orc hits you with a +0 short sword.
There is a stone staircase leading down here.
The orc closely misses you.
The orc priest begins to cast a cantrip, but forgets the words!
You climb downwards.
There is a stone staircase leading up here.
The ufetubus shouts!
The centaur shouts!
The centaur wields a +0 orcbow.
The centaur shoots an arrow.
The arrow hits you!
Ouch! That really hurt!
* * * LOW HITPOINT WARNING * * *
Found 10 gold pieces.
The centaur shoots an arrow.
The arrow misses you. The ufetubus attacks as it pursues you!
The ufetubus barely misses you. The ufetubus hits you.
* * * LOW HITPOINT WARNING * * *
The ufetubus attacks as it pursues you! The ufetubus misses you.
The ufetubus barely misses you. The orc attacks as it pursues you!
The orc misses you. The ufetubus attacks as it pursues you!
The ufetubus barely misses you. The ufetubus hits you.
* * * LOW HITPOINT WARNING * * *
The ufetubus hits you.
* * * LOW HITPOINT WARNING * * *
The ufetubus completely misses you.
It was a potion of lignification.
You turn into a tree.
Your roots penetrate the ground.
The ufetubus hits you but does no damage. x2
The orc hits you but does no damage.
You are now empty-handed.
The ufetubus hits you but does no damage.
The ufetubus hits you.
You die...

### #..# #..###
#....# #...# #.♣##
##o5## ##c.##
##...... ##..##
##....... .####..##
#........
....$....###........
......#...##........
......##...#........
.....# ##..#......c.


You could see a centaur, an ufetubus and an orc.

Vanquished Creatures
  An iguana (D:3)
  An adder (D:3)
  A dart slug (D:2)
  An orc (D:3)
  2 ball pythons
  2 endoplasms (D:1)
  2 giant cockroaches
  3 goblins
  5 hobgoblins
  A jackal (D:1)
  2 quokkas (D:3)
  3 bats
  2 kobolds
  2 rats (D:1)
28 creatures vanquished.

Notes
Turn   | Place    | Note
-------+----------+-------------------------------------------
     0 | D:1      | jagoly the Octopode Alchemist began the quest for the Orb.
     0 | D:1      | Reached XP level 1. HP: 11/11 MP: 3/3
   116 | D:1      | Reached XP level 2. HP: 17/17 MP: 0/5
   445 | D:3      | Reached XP level 3. HP: 21/21 MP: 4/6
   463 | D:3      | Reached skill level 4 in Alchemy
   492 | D:4      | Noticed a lemure
   492 | D:4      | Noticed a lemure
   492 | D:4      | Noticed a lemure
   583 | D:3      | Reached XP level 4. HP: 21/27 MP: 5/7
   639 | D:4      | Noticed Duvessa
   639 | D:4      | Noticed Dowan
   674 | D:5      | Entered Level 5 of the Dungeon
   674 | D:5      | Noticed a centaur
   687 | D:5      | HP: 1/27 [ufetubus (3)]
   689 | D:5      | Slain by an ufetubus

Illustrated notes

Levels and vault maps discovered:
D:1:      saegor_arrival_under_anarchy, layout_loops_ring
D:2:      wander_river, layout_basic, serial_bayou, serial_bayou_pond_d,
          serial_bayou_crossing, serial_bayou_lake_a, serial_bayou_shore_b,
          uniq_crazy_yiuf_cottage, uniq_jessica
D:3:      layout_loops_ring, minmay_misc_feat_secret_circle
D:4:      layout_cave_pools, uniq_pikel, uniq_duvessa
D:5:      layout_cave_pods, temple_doors_ab, uniq_sigmund

Skill      XL: |  1  2  3 |
---------------+----------+-----
Stealth        | 3 |  3.0
Conjurations   | 2 |  2.0
Alchemy        | 4 |  4.9
Dodging        | |  2.0
Spellcasting   | |  2.0

Action                     |  1- 3 |  4- 6 || total
---------------------------+-------+-------++-------
  Melee: Unarmed           |    24 |       ||    24
         Constrict         |     9 |     2 ||    11
         Tentacles         |     9 |     1 ||    10
         Dagger            |    11 |     5 ||    16
         Punch             |       |     1 ||     1
   Cast: Sting             |    26 |     3 ||    29
    Use: Potion            |       |     1 ||     1
   Stab: Sleeping          |     4 |       ||     4
 Armour: Skin              |    19 |    11 ||    30
  Dodge: Dodged            |    25 |    13 ||    38
